 Dungeon Crawl Stone Soup version 0.24-a0-698-g60d090ba07 (webtiles) character file.

3966 hadoken the Archer (level 10, -3/75 HPs)
             Began as a Centaur Hunter on Feb 26, 2017.
             Slain by an orc warrior
             ... wielding a +0 halberd
              (21 damage)
             ... on level 8 of the Dungeon on Oct 31, 2022.
             The game lasted 00:33:16 (12172 turns).

hadoken the Archer (Centaur Hunter)                Turns: 12172, Time: 00:33:17

Health: -3/75      AC: 14    Str: 18    XL:     10   Next: 2%
Magic:  10/10      EV:  7    Int: 10    God:
Gold:   425        SH:  0    Dex: 10    Spells: 9/9 levels left

rFire    + . .     SeeInvis .   K - +3 hand axe (chop)
rCold    . . .     Gourm    .   (no shield)
rNeg     . . .     Faith    .   z - +4 scale mail
rPois    .         Spirit   .   (no helmet)
rElec    .         Reflect  .   D - +0 cloak
rCorr    .         Harm     .   (no gloves)
MR       .....                  (no barding)
Stlth    ..........             (no amulet)
HPRegen  0.22/turn              y - +3 ring of protection
MPRegen  0.12/turn              u - ring of protection from fire

@: fainting, very quick
A: large, hooves 3, deformed body, speed 2, tough skin 3
a: no special abilities


You were on level 8 of the Dungeon.
You were fainting.

You visited 2 branches of the dungeon, and saw 10 of its levels.

You collected 425 gold pieces.

Inventory:

Hand Weapons
 a - a +1 shortbow
 b - a +0 short sword
 F - a +0 halberd of flaming
 K - a +3 hand axe of chopping (weapon)
Missiles
 I - 38 arrows
Armour
 c - a +0 leather armour
 d - a +0 large shield
 r - a +3 leather armour
 z - a +4 scale mail (worn)
 D - a +0 cloak (worn)
 E - a scarf of cold resistance
Jewellery
 s - an uncursed ring of resist corrosion
 u - a ring of protection from fire (right hand)
 y - a +3 ring of protection (left hand)
 H - a cursed ring of attention {unknown}
Wands
 w - a wand of flame (23)
Scrolls
 e - 9 scrolls of remove curse
 i - a scroll of fog
 j - 2 scrolls of removedness
 k - a scroll of enchant armour
 q - a scroll of immolation {unknown}
 v - a scroll of amnesia {unknown}
 x - a scroll of magic mapping {unknown}
 A - a scroll of brand weapon {unknown}
 B - a scroll of enchant weapon {unknown}
Potions
 m - a potion of brilliance
 n - a potion of magic
 o - a potion of curing
 G - a potion of haste {unknown}
Comestibles
 f - 5 rations
 g - a ration
 h - a ration
 p - 5 rations


   Skills:
 - Level 10.6 Fighting
 - Level 1.0 Short Blades
 + Level 2.5 Axes
 - Level 12.7 Bows
 - Level 0.7 Armour
 - Level 1.3 Dodging
 - Level 0.4 Stealth


You had 9 spell levels left.
You didn't know any spells.
Your spell library contained the following spells:

 Spells                   Type           Power        Failure   Level  Hunger
 Flame Tongue             Conj/Fire      #....        77%         1    ##.....
 Throw Flame              Conj/Fire      #.....       88%         2    ###....
 Conjure Flame            Conj/Fire      #.......     98%         3    ####...
 Inner Flame              Hex/Fire       #.......     98%         3    ####...
 Sticky Flame             Conj/Fire      #.......     100%        4    #####..
 Fireball                 Conj/Fire      #.........   100%        5    ######.


Dungeon Overview and Level Annotations

Branches:
Dungeon (9/15)             Temple (1/1) D:6             Orc (0/2) D:9
   Lair: D:8-11

Altars:
Cheibriados
Dithmenos
Hepliaklqana
Kikubaaqudgha
Makhleb
Qazlal
Sif Muna
Trog
Uskayaw
Vehumet
Wu Jian
Xom
Zin

Annotations:
D:1 exclusion: dart slug
D:5 Pikel
D:8 Mygna's ghost, journeyman DEFE


Innate Abilities, Weirdness & Mutations

You have hooves in place of feet.
Armour fits poorly on your strangely shaped body.
You cover ground very quickly.
You have extremely tough skin. (AC +3)


Message History

You hit the orc priest.
You kill the orc priest!
You miss something. Something hits you.
Things that are here:
a +0 scale mail; a scroll of remove curse; an orc corpse Something hits you.
You see here a mace.
There is a strange disturbance nearby!
There is a strange disturbance nearby!
There is a strange disturbance nearby!
Something hits you!
* * * LOW HITPOINT WARNING * * *
You see here a mace.
You barely miss something. Your kick misses something.
You are fainting from starvation!
Something hits you but does no damage.
You barely miss something. Something hits you.
* * * LOW HITPOINT WARNING * * *
You barely miss something. Something hits you!!
You die...

......#.########## #.##...####.
#.#...#.##.......# #...........
#.##.......###...# ###...######
#.#####.##.......# #...#
#.......##.###((.# #...#
##............#..#### #...# ##
##..................####...#####.
##.......#....[{.#)..............
##...........).#@.....(.......)..
##>......##)#..###...(..........D
#........(((...(...##(.....#W##.
#........()...#######.#....#.##.
#######.###.#.#######.#....#[##.
#.......#...........)..###
#########)###.#####.#......###
####......##.# #.##..............
..##.####.##.# #.##.##.#.........


There were no monsters in sight!

Vanquished Creatures
  An unseen horror (D:7)
  2 porcupines (D:9)
  An orc warrior (D:8)
  2 ice beasts
  A black bear (D:6)
  A necrophage (D:8)
  3 centaurs
  3 ogres
  A boggart (D:9)
  A crocodile (D:9)
  A big kobold (D:8)
  5 bullfrogs
  A wyvern skeleton (D:9)
  A scorpion (D:8)
  5 killer bees
  2 vampire bats (D:2)
  7 howler monkeys
  A crimson imp (D:7)
  A quasit (D:7)
  A jelly (D:7)
  6 hounds
  2 orc priests (D:8)
  A centaur skeleton (D:4)
  2 iguanas (D:7)
  Jessica (D:2)
  8 orc wizards
  2 worker ants
  2 killer bee zombies
  A worker ant zombie (D:6)
  2 howler monkey skeletons
  8 gnolls
  9 adders
  2 adder zombies
  4 worms
  2 dart slugs (D:1)
  11 leopard geckos
  25 orcs
  8 bats
  5 bat skeletons (D:2)
  2 bat zombies
  6 giant cockroaches
  4 goblins (D:1)
  6 hobgoblins
  17 jackals
  14 kobolds
  3 quokkas
  A ball python zombie (D:1)
  6 frilled lizards
  4 rats
205 creatures vanquished.

Vanquished Creatures (others)
  A sky beast (D:9)
  2 bushes (D:9)
  5 fungi (D:9)
  12 plants (D:9)
20 creatures vanquished.

Grand Total: 225 creatures vanquished

Notes
Turn   | Place    | Note
-------+----------+-------------------------------------------
     0 | D:1      | hadoken the Centaur Hunter began the quest for the Orb.
     0 | D:1      | Reached XP level 1. HP: 17/17 MP: 1/1
   207 | D:1      | Reached XP level 2. HP: 22/25 MP: 2/2
   338 | D:1      | Reached skill level 1 in Short Blades
   888 | D:1      | Reached XP level 3. HP: 26/30 MP: 3/3
  2110 | D:2      | Noticed Jessica
  2441 | D:2      | Reached XP level 4. HP: 36/40 MP: 4/4
  2491 | D:2      | Found an ancient bone altar of Kikubaaqudgha.
  2559 | D:2      | Reached XP level 5. HP: 47/47 MP: 5/5
  2687 | D:2      | Reached skill level 5 in Fighting
  2689 | D:2      | Found an ornate altar of the Wu Jian Council.
  2718 | D:2      | Killed Jessica
  4375 | D:4      | Reached XP level 6. HP: 50/57 MP: 6/6
  4581 | D:4      | Found a bloodstained altar of Trog.
  4904 | D:4      | Found a glowing drain.
  5144 | D:5      | Entered Level 5 of the Dungeon
  5327 | D:5      | Noticed a slave
  5328 | D:5      | Noticed Pikel
  5329 | D:5      | Noticed a slave
  5378 | D:6      | Reached XP level 7. HP: 65/66 MP: 7/7
  5827 | D:6      | Found a staircase to the Ecumenical Temple.
  5877 | D:6      | Reached skill level 6 in Bows
  5933 | Temple   | Entered the Ecumenical Temple
  6203 | D:6      | Reached skill level 7 in Bows
  6323 | D:6      | Reached skill level 8 in Bows
  6853 | D:7      | Reached XP level 8. HP: 72/73 MP: 8/8
  6965 | D:7      | Reached skill level 9 in Bows
  7054 | D:7      | Reached skill level 10 in Bows
  7544 | D:7      | Killed an unseen horror
  7544 | D:7      | Reached skill level 12 in Bows
  7553 | D:7      | Reached XP level 9. HP: 61/79 MP: 9/9
  8335 | D:8      | Noticed Mygna's ghost (journeyman DEFE)
 10622 | D:9      | Reached skill level 10 in Fighting
 11056 | D:9      | Reached skill level 1 in Axes
 11158 | D:9      | Found a staircase to the Orcish Mines.
 11197 | D:9      | Noticed a troll
 11534 | D:8      | Reached XP level 10. HP: 78/94 MP: 10/10
 11660 | D:9      | Noticed an eight-headed hydra
 12172 | D:8      | Slain by an orc warrior

Levels and vault maps discovered:
D:1:      saegor_arrival_fortress
D:2:      kennysheep_vampire_church, lemuel_doored_altar,
          hangedman_decor_diamond_cutter, kennysheep_jessica_study
D:3:      first_bread
D:4:      kennysheep_mini_moat, nicolae_overflow_hidden_temple,
          portal_sewer_entry_f, kennysheep_another_room
D:5:      chequers_temple_overflow_minitemple, uniq_pikel
D:6:      minmay_temple_entry_fiery
D:9:      minmay_chopped_fan, grunt_temple_overflow_holy_war,
          nemelex_altar_shiori, minmay_lair_entry_grove, orc_0_dummy
Temple:   cyrus_temple_forest

Skill      XL: |  1  2  3  4  5  6  7  8  9 |
---------------+----------------------------+-----
Short Blades   | 1 |  1.0
Fighting       | 3 4 6 7 10 | 10.6
Bows           | 8 12 | 12.7
Axes           | 2 |  2.5
Armour         | |  0.7
Dodging        | |  1.3
Stealth        | |  0.4

Action                   |  1- 3 |  4- 6 |  7- 9 | 10-12 || total
-------------------------+-------+-------+-------+-------++-------
Melee: Short sword       |   136 |   191 |   191 |       ||   518
       Kick              |    21 |    46 |    75 |     5 ||   147
       Halberd           |       |       |   130 |       ||   130
       Hand axe          |       |       |    28 |    36 ||    64
 Fire: Shortbow          |    24 |    60 |   227 |       ||   311
  Use: Scroll            |       |     9 |     4 |       ||    13
       Potion            |       |       |     6 |       ||     6
  Eat: Chunk             |     3 |     8 |    11 |       ||    22
       Buggy ration      |       |       |     1 |       ||     1
       Buggy fruit       |       |       |       |     1 ||     1
Armor: Leather armour    |    74 |    84 |     7 |       ||   165
       Scale mail        |       |       |   392 |    37 ||   429
       Skin              |       |       |    38 |       ||    38
Dodge: Dodged            |    71 |    93 |   227 |    11 ||   402

Table legend:
 A = Non-vault XP
 B = Vault XP
 C = Vault XP percentage of total XP
 D = Non-vault monster count
 E = Vault monster count
 F = Vault count percentage of total count
                 A         B        C        D         E       F
            +---------+---------+-------+---------+---------+-------
      Total |       0 |       0 |   N/A |       0 |       0 |  -nan
            +---------+---------+-------+---------+---------+-------
            +---------+---------+-------+---------+---------+-------
